 Dungeon Crawl Stone Soup version 0.28.0-53-g5a82cb258f (webtiles) character file.

Game seed: 14932405738361351316

172 boopmooplesden the Covered (level 5, 0/47 HPs)
             Began as a Minotaur Fighter on June 27, 2022.
             Slain by an orc
             ... wielding a +0 flail
              (3 damage)
             ... on level 4 of the Dungeon.
             The game lasted 00:02:52 (2222 turns).

boopmooplesden the Covered (Minotaur Fighter)       Turns: 2222, Time: 00:02:52

Health: 0/47       AC:  9    Str: 21    XL:     5   Next: 27%
Magic:  4/4        EV: 10    Int:  5    God:
Gold:   147        SH:  0    Dex: 11    Spells: 4/4 levels left

rFire   . . .      SeeInvis .   j - +0 great sword
rCold   . . .      Faith    .   (shield currently unavailable)
rNeg    . . .      Spirit   .   b - +0 scale mail
rPois   .          Reflect  .   (helmet restricted)
rElec   .          Harm     .   i - +0 cloak
rCorr   .          Rampage  .   (no gloves)
Will    .....                   l - +0 pair of boots
Stlth   ..........              (no amulet)
HPRegen 0.15/turn               (no ring)
MPRegen 0.09/turn               (no ring)

@: no status effects
A: horns 2, retaliatory headbutt
a: no special abilities


You were on level 4 of the Dungeon.
You visited 1 branch of the dungeon, and saw 4 of its levels.

You collected 147 gold pieces.

Inventory:

Hand Weapons
 a - a +0 long sword
 j - a +0 great sword (weapon)
Armour
 b - a +0 scale mail (worn)
 c - a +0 buckler
 i - a +0 cloak (worn)
 l - a +0 pair of boots (worn)
Scrolls
 e - 2 scrolls of identify {unknown}
 n - a scroll of fog {unknown}
 o - a scroll of noise {unknown}
 p - a scroll of teleportation
 q - a scroll of enchant weapon {unknown}
Potions
 d - 2 potions of might
 f - 2 potions of degeneration {unknown}
 g - a potion of berserk rage {unknown}
 h - a potion of curing {unknown}
 k - a potion of attraction {unknown}
 m - a potion of mutation {unknown}


   Skills:
 + Level 4.7 Fighting
 + Level 4.3 Long Blades
 + Level 4.8 Armour
 + Level 1.1 Dodging
 + Level 4.1 Shields


You had 4 spell levels left.
You didn't know any spells.
Your spell library was empty.

Dungeon Overview and Level Annotations

Branches:
Dungeon (4/15)
 Temple: D:4-7

Altars:


Innate Abilities, Weirdness & Mutations

You have a pair of horns on your head.
You reflexively headbutt those who attack you in melee.


Message History

The adder bites you but does no damage. The adder barely misses you.
You miss the adder.
The adder is almost dead.
The adder bites you but does no damage. The adder barely misses you.
You hit the adder.
You kill the adder!
You see here an adder corpse.
An orc warrior, an orc and an orc wizard come into view.
The orc shouts!
The orc wizard gestures at you while chanting.
The magic dart hits you.
An orc comes into view. It is wielding a +0 hand axe.
There are monsters nearby!
There are monsters nearby!
An orc and a goblin come into view.
The orc shouts!
You slash the orc!
You kill the orc!
The orc wizard hits you but does no damage.
The orc warrior hits you with a +0 scimitar!
Found a stone staircase leading down.
The orc wizard hits you but does no damage.
The orc warrior hits you with a +0 scimitar!
The orc misses you. The goblin hits you but does no damage.
You see here a +0 mace.
You closely miss the goblin.
The orc warrior hits you with a +0 scimitar.
The orc wizard gestures at you while chanting.
The puff of flame misses you.
The puff of flame hits the orc.
The orc barely misses you. You furiously retaliate!
You headbutt the orc, but do no damage. The goblin hits you but does no damage.
The orc barely misses you.
The orc warrior hits you with a +0 scimitar!
* * * LOW HITPOINT WARNING * * *
The orc wizard hits you with a +0 dagger.
* * * LOW HITPOINT WARNING * * *
The goblin hits you but does no damage. The orc hits you with a +0 flail.
* * * LOW HITPOINT WARNING * * *
The orc hits you with a +0 flail.
You die...

#.######........##.#
#............#..#...
##..####.....#......
#.... #.............
#....##.##..###.....
#..#...###.........
#..#..###.........#
##..#.o......###..#.
#..@.go....#...##.#.
#.##oo.....##.....##
# #................
.........##......<
....#..............
#.....#....#.####.##
..##... ....###
#..## .. .... ....>
...... #...#..


You could see an orc warrior, an orc wizard, 2 orcs and a goblin.

Vanquished Creatures
  A jelly (D:3)
  A hound (D:4)
  3 adders
  3 worms
  A dart slug (D:1)
  An orc (D:4)
  11 ball pythons
  3 endoplasms
  3 giant cockroaches
  6 goblins
  4 hobgoblins
  10 jackals
  10 kobolds
  A quokka (D:1)
  7 bats
  3 frilled lizards
  A quokka skeleton (D:4)
  2 rats
71 creatures vanquished.

Vanquished Creatures (others)
  4 fungi (D:4)
  8 plants (D:2)
12 creatures vanquished.

Grand Total: 83 creatures vanquished

Notes
Turn   | Place    | Note
-------+----------+-------------------------------------------
     0 | D:1      | boopmooplesden the Minotaur Fighter began the quest for the
                  | Orb.
     0 | D:1      | Reached XP level 1. HP: 19/19 MP: 0/0
   138 | D:1      | Reached XP level 2. HP: 25/27 MP: 1/1
   205 | D:1      | Found a faded altar of an unknown god.
   366 | D:1      | Reached XP level 3. HP: 33/33 MP: 2/2
  1403 | D:2      | Reached XP level 4. HP: 37/41 MP: 3/3
  1945 | D:3      | Reached skill level 1 in Dodging
  2141 | D:4      | Reached XP level 5. HP: 44/47 MP: 4/4
  2214 | D:4      | Noticed an orc warrior
  2222 | D:4      | Slain by an orc

Illustrated notes

Levels and vault maps discovered:
D:1:      sevenhm_arrival_forest_fort_small_3, layout_loops_ring,
          chequers_ecumenical_altar_simple
D:2:      layout_loops_ring, serial_forest, infiniplex_forest_clump_large,
          infiniplex_forest_clump_small, infiniplex_forest_lined_3,
          infiniplex_forest_straight_5, infiniplex_forest_lined_room_2,
          infiniplex_forest_corner_2, infiniplex_forest_lined_2,
          infiniplex_forest_zigzag_1
D:3:      layout_rooms
D:4:      layout_cave_pools, uniq_crazy_yiuf_cottage

Skill      XL: |  1  2  3  4 |
---------------+-------------+-----
Fighting       | 4 |  4.7
Shields        | 4 |  4.1
Armour         | 4 |  4.8
Long Blades    | 3 4 |  4.3
Dodging        | 1 |  1.1

Action                   |  1- 3 |  4- 6 || total
-------------------------+-------+-------++-------
Melee: Long sword        |    54 |       ||    54
       Headbutt          |     9 |     5 ||    14
       Great sword       |    28 |    52 ||    80
  Use: Scroll            |       |     3 ||     3
Armor: Scale mail        |    55 |    41 ||    96
Dodge: Dodged            |    44 |    42 ||    86
Block: Buckler           |    11 |       ||    11
